 Dungeon Crawl Stone Soup version 0.31-a0-675-g238779eb0a (webtiles) character file.

Game seed: 5781212239832703119

106 Gargoyl the Trooper (level 4, -6/43 HPs)
             Began as a Gargoyle Berserker on Sept 5, 2023.
             Was a Believer of Trog.
             Mangled by blacky4's ghost (7 damage)
             ... on level 3 of the Dungeon.
             The game lasted 00:02:10 (2121 turns).

Gargoyl the Trooper (Gargoyle Berserker)            Turns: 2121, Time: 00:02:11

Health: -6/43      AC:  8    Str: 20    XL:     4   Next: 84%
Magic:  4/4        EV: 12    Int:  8    God:    Trog [**....]
Gold:   129        SH:  0    Dex: 17    Spells: 3/3 levels left

rFire   . . .        a - +0 hand axe (flame)
rCold   . . .        (no shield)
rNeg    + . .        b - +0 animal skin
rPois   ∞            (no helmet)
rElec   +            k - +0 cloak
rCorr   .            (no gloves)
SInv    .            o - +0 pair of boots
Will    ++...        (no amulet) Stlth
                     g - +6 ring of dexterity
HPRegen 1.27/turn    (no ring)
MPRegen 0.09/turn

%: no passive effects
@: berserking (expiring), strong-willed, regenerating, very quick
A: sickness immunity, AC +3, negative energy resistance 1, electricity
resistance, torment resistance 1, petrification resistance
a: Renounce Religion, Berserk, Trog's Hand


You were on level 3 of the Dungeon.
You worshipped Trog.
Trog was pleased with you.
You visited 1 branch of the dungeon, and saw 3 of its levels.

You collected 129 gold pieces.

Inventory:

Hand Weapons
 a - a +0 hand axe of flaming (weapon)
Missiles
 j - 5 poisoned darts (quivered)
Armour
 b - a +0 animal skin (worn)
 k - a +0 cloak (worn)
 o - a +0 pair of boots (worn)
Jewellery
 g - a +6 ring of dexterity (left hand)
Wands
 p - a wand of charming (13)
Scrolls
 f - a scroll of immolation
Potions
 c - 3 potions of attraction {unknown}
 d - a potion of curing {unknown}
 e - 2 potions of mutation {unknown}
 h - 2 potions of cancellation {unknown}
 i - a potion of invisibility {unknown}
 l - a potion of magic {unknown}
 m - a potion of haste {unknown}
 n - 2 potions of brilliance {unknown}
 q - 2 potions of might {unknown}


   Skills:
 + Level 4.1 Fighting
 + Level 3.9 Axes
 + Level 2.3 Armour
 + Level 2.2 Dodging
 + Level 0.9 Stealth


You had 3 spell levels left.
You didn't know any spells.
Your spell library was empty.

Dungeon Overview and Level Annotations

Branches:
Dungeon (3/15)

Altars:

Annotations:
D:3 Kiciri's ghost, amateur OpCj; TheCrane's ghost, amateur GnHW; blacky4's ghost, amateur DsHu; esser2137's ghost, amateur DrSh; ouz's ghost, amateur DrGl


Innate Abilities, Weirdness & Mutations

You are immune to sickness and miasma.
Your stone body is resilient. (AC +3)
You are immune to poison.
You resist negative energy. (rN+)
You are resistant to electric shocks. (rElec)
You are resistant to unholy torment.
You are immune to petrification.


Message History

Esser2137's ghost turns its malevolent gaze towards you.
You hit the bat. You burn the bat.
You kill the bat!
Trog accepts your kill.
TheCrane's ghost lets out a mournful wail.
Your skin crawls.
You feel strong-willed.
Found 9 stones.
You open the gate.
TheCrane's ghost gestures wildly while chanting.
TheCrane's ghost blinks!
A red film seems to cover your vision as you go berserk!
You feel yourself moving faster!
You feel mighty! Esser2137's ghost misses you. Ouz's ghost hits you!
You slash esser2137's ghost! You burn esser2137's ghost.
Esser2137's ghost is moderately damaged.
You hit ouz's ghost. You burn ouz's ghost. You barely miss Kiciri's ghost.
TheCrane's ghost gestures wildly while chanting.
Esser2137's ghost hits you! Ouz's ghost hits you!
Kiciri's ghost stares at you and mumbles some strange words.
The magic dart hits you but does no damage.
You slash esser2137's ghost! You burn esser2137's ghost.
Esser2137's ghost is heavily damaged.
You barely miss Kiciri's ghost. You hit ouz's ghost. You burn ouz's ghost.
Esser2137's ghost hits you. Kiciri's ghost closely misses you.
TheCrane's ghost mumbles some strange words.
Unknown command.
You barely miss esser2137's ghost.
Esser2137's ghost is heavily damaged.
You hit blacky4's ghost. You burn blacky4's ghost. You hit ouz's ghost.
You burn ouz's ghost. You slash Kiciri's ghost! You burn Kiciri's ghost.
The cerulean imp barely misses you. Ouz's ghost hits you!
* * * LOW HITPOINT WARNING * * *
Esser2137's ghost hits you but does no damage.
Kiciri's ghost hits you but does no damage.
TheCrane's ghost gestures at you while chanting.
The magic dart hits you.
* * * LOW HITPOINT WARNING * * *
Blacky4's ghost hits you!
You die...

,,..# **#####........####.
**..# ##(.8?(###.####.###..
,*.##* ##8.....8##.########.#
,,,,,* #$........#...######.#
**,*,* #)........###.######.#
,,,*,** #8.......8###.######.#
,***,,* #(.......$###.####...#
,* **,****
*###WWW######..###.###
,****,,,,*###..W@.W.# ##.###.#
,,,****#.##.......5.#####..##.#
#
,*,,,,.#...>####5####.........#
#
,*****................####÷####
# ,*****#...############# #..#
# *,,,,,.,,,,*** ##.### #
,,********,,,** #...### ***
***,,* ##..... *,,** #.....


You could see Kiciri's ghost, TheCrane's ghost, blacky4's ghost, esser2137's
ghost, ouz's ghost and 2 cerulean imps.

Vanquished Creatures
  A scorpion (D:3)
  An adder (D:3)
  3 bats
  5 endoplasms
  A giant cockroach (D:3)
  4 goblins
  2 hobgoblins (D:1)
  8 jackals
  2 kobolds (D:1)
  A quokka (D:3)
  A ball python (D:1)
  2 frilled lizards
  4 rats
35 creatures vanquished.

Notes
Turn   | Place    | Note
-------+----------+-------------------------------------------
     0 | D:1      | Gargoyl the Gargoyle Berserker began the quest for the Orb.
     0 | D:1      | Reached XP level 1. HP: 14/14 MP: 1/1
   147 | D:1      | You fall into a shaft and drop 1 floor!
   402 | D:1      | Reached XP level 2. HP: 17/19 MP: 2/2
  1326 | D:2      | Reached XP level 3. HP: 13/24 MP: 3/3
  1840 | D:3      | Noticed a scorpion
  1846 | D:3      | Killed a scorpion
  1847 | D:3      | Reached skill level 4 in Fighting
  1847 | D:3      | Reached XP level 4. HP: 29/29 MP: 4/4
  1898 | D:3      | Reached ** piety under Trog
  1903 | D:3      | Noticed esser2137's ghost (amateur DrSh)
  1903 | D:3      | Noticed TheCrane's ghost (amateur GnHW)
  1903 | D:3      | Found a runed translucent gate.
  1904 | D:3      | Found a runed translucent gate.
  1904 | D:3      | Noticed ouz's ghost (amateur DrGl)
  1954 | D:3      | Found a faded altar of an unknown god.
  2097 | D:3      | Found a runed translucent gate.
  2097 | D:3      | Noticed Kiciri's ghost (amateur OpCj)
  2097 | D:3      | Noticed blacky4's ghost (amateur DsHu)
  2121 | D:3      | HP: 1/43 [TheCrane's ghost/magic dart (6)]
  2121 | D:3      | Mangled by blacky4's ghost

Illustrated notes

Levels and vault maps discovered:
D:1:      roderic_dead_forest, layout_basic
D:2:      layout_loops_ring, nicolae_underground_beach
D:3:      layout_rooms, gammafunk_ghost_cemetery,
          hellmonk_ecumenical_altar_arch_garden, hangedman_decor_clover_reticule

Skill      XL: |  1  2  3 |
---------------+----------+-----
Axes           | 3 |  3.9
Fighting       | 4 |  4.1
Dodging        | 2 |  2.2
Armour         | |  2.3
Stealth        | |  0.9

Action                     |  1- 3 |  4- 6 || total
---------------------------+-------+-------++-------
  Melee: Hand axe          |    70 |    27 ||    97
         Punch             |     2 |       ||     2
 Invoke: Berserk           |     1 |     1 ||     2
         Trog's Hand       |       |     1 ||     1
    Use: Scroll            |     4 |     1 ||     5
   Stab: Sleeping          |     2 |       ||     2
 Armour: Animal skin       |    38 |    37 ||    75
  Dodge: Dodged            |    51 |    29 ||    80

Table legend: (Time is in decaauts)
 A = Elapsed time spent in this place.
 B = Non-inter-level travel time spent in this place.
 C = Inter-level travel time spent in this place.
 D = Time resting spent in this place.
 E = Time spent auto-exploring this place.
 F = Levels seen in this place.
 G = Mean time per level.
                   A        B        C        D        E       F      G
               +--------+--------+--------+--------+--------+-----+--------+
         Total |   2142 |   2041 |    101 |      0 |   1586 |   3 |  714.0 |
       Dungeon |   2142 |   2041 |    101 |      0 |   1586 |   3 |  714.0 |
               +--------+--------+--------+--------+--------+-----+--------+

Top non-repeatable levels by time:
     D:1: 1023 daAuts
     D:2: 781 daAuts
     D:3: 338 daAuts
